TOP OF THE 1ST |
Tacoma Rainiers batting - Pitching for Round Rock Express : RHP Prince Gibson
|
Pitching: RHP Prince Gibson
|
|
Batting: RHB Brad Robidas
|
0-0: Bunt missed! 0-1: Ball 1-1: Fly out, F8 (Flyball, 89M, EV 96.2 MPH)
|
Batting: RHB Enrique Valdez
|
0-0: Ball 1-0: Ground out 4-3 (Groundball, 34, EV 101.9 MPH)
|
Batting: LHB Josh Pittman
|
0-0: Ball 1-0: Ground out U3 (Groundball, 13, EV 82.5 MPH)
|
Top of the 1st over - 0 runs, 0 hits, 0 errors, 0 left on base; Tacoma 0 - Round Rock 0 |
BOTTOM OF THE 1ST |
Round Rock Express batting - Pitching for Tacoma Rainiers : RHP Luis Castro
|
Pitching: RHP Luis Castro
|
|
Batting: LHB Jody Hudson
|
0-0: Ball 1-0: Swinging Strike 1-1: Ball 2-1: Ball 3-1: Foul Ball, location: 2F 3-2: Strikes out swinging
|
Batting: RHB Chris Torlak
|
0-0: Ball 1-0: Foul Ball, location: 2F 1-1: Called Strike 1-2: Ball 2-2: Ball 3-2: Foul Ball, location: 2F 3-2: Ground out 4-3 (Groundball, 4, EV 102.5 MPH)
|
Batting: LHB Josh Stuck
|
0-0: Ball 1-0: Swinging Strike 1-1: Swinging Strike 1-2: Ball 2-2: Fly out, F6 (Line Drive, 6D, EV 72.5 MPH)
|
Bottom of the 1st over - 0 runs, 0 hits, 0 errors, 0 left on base; Tacoma 0 - Round Rock 0 |
TOP OF THE 2ND |
Tacoma Rainiers batting - Pitching for Round Rock Express : RHP Prince Gibson
|
Batting: LHB Ryan Lowe
|
0-0: Called Strike 0-1: Fly out, F8 (Flyball, 8RM, EV 85.0 MPH)
|
Batting: SHB Ray Skogen
|
0-0: Foul Ball, location: 2F 0-1: Ball 1-1: Ball 2-1: Called Strike 2-2: Ball 3-2: Ground out 1-3 (Groundball, 13S, EV 65.0 MPH)
|
Batting: RHB Zach Downs
|
0-0: Ball 1-0: Ball 2-0: Ground out 4-3 (Groundball, 4M, EV 98.8 MPH)
|
Top of the 2nd over - 0 runs, 0 hits, 0 errors, 0 left on base; Tacoma 0 - Round Rock 0 |
BOTTOM OF THE 2ND |
Round Rock Express batting - Pitching for Tacoma Rainiers : RHP Luis Castro
|
Batting: LHB Zion Davidson
|
0-0: Fly out, F7 (Flyball, 7, EV 92.5 MPH)
|
Batting: RHB Mike Quackenbush
|
0-0: Ball 1-0: Fly out, F5 (Popup, 56S, EV 72.5 MPH)
|
Batting: RHB Ivan Colon
|
0-0: Ball 1-0: Ground out 6-3 (Groundball, 6, EV 101.9 MPH)
|
Bottom of the 2nd over - 0 runs, 0 hits, 0 errors, 0 left on base; Tacoma 0 - Round Rock 0 |
TOP OF THE 3RD |
Tacoma Rainiers batting - Pitching for Round Rock Express : RHP Prince Gibson
|
Batting: RHB Max Schellekens
|
0-0: Called Strike 0-1: Ball 1-1: Foul Ball, location: 2F 1-2: Strikes out swinging
|
Batting: RHB Jeff Cox
|
0-0: Called Strike 0-1: Foul Ball, location: 2F 0-2: Ball 1-2: Ball 2-2: Strikes out swinging
|
Batting: RHB Kagetoki Kawai
|
0-0: Called Strike 0-1: Swinging Strike 0-2: Foul Ball, location: 2F 0-2: Ball 1-2: Foul Ball, location: 2F 1-2: Ball 2-2: Ball 3-2: Fly out, F8 (Flyball, 78M, EV 92.5 MPH)
|
Top of the 3rd over - 0 runs, 0 hits, 0 errors, 0 left on base; Tacoma 0 - Round Rock 0 |
BOTTOM OF THE 3RD |
Round Rock Express batting - Pitching for Tacoma Rainiers : RHP Luis Castro
|
Batting: RHB Adryão Anto
|
0-0: Foul Ball, location: 2F 0-1: Fly out, F9 (Flyball, 9, EV 83.8 MPH)
|
Batting: RHB Jeremy Boerman
|
0-0: Foul Ball, location: 2F 0-1: Ball 1-1: Ball 2-1: Foul Ball, location: 2F 2-2: Strikes out looking
|
Batting: RHB Martin Guerrero
|
0-0: Called Strike 0-1: Foul Ball, location: 2F 0-2: Strikes out looking
|
Bottom of the 3rd over - 0 runs, 0 hits, 0 errors, 0 left on base; Tacoma 0 - Round Rock 0 |
TOP OF THE 4TH |
Tacoma Rainiers batting - Pitching for Round Rock Express : RHP Prince Gibson
|
Batting: RHB Brad Robidas
|
0-0: Ground out 6-3 (Groundball, 6M, EV 86.2 MPH)
|
Batting: RHB Enrique Valdez
|
0-0: Called Strike 0-1: Ball 1-1: Swinging Strike 1-2: Ball 2-2: Strikes out swinging
|
Batting: LHB Josh Pittman
|
0-0: Ball 1-0: Foul Ball, location: 2F 1-1: Foul Ball, location: 2F 1-2: Ball 2-2: Strikes out swinging
|
Top of the 4th over - 0 runs, 0 hits, 0 errors, 0 left on base; Tacoma 0 - Round Rock 0 |
BOTTOM OF THE 4TH |
Round Rock Express batting - Pitching for Tacoma Rainiers : RHP Luis Castro
|
Batting: LHB Jody Hudson
|
0-0: Ball 1-0: Ground out U3 (Groundball, 23, EV 87.5 MPH)
|
Batting: RHB Chris Torlak
|
0-0: Ball 1-0: Ball 2-0: Called Strike 2-1: Foul Ball, location: 2F 2-2: Ball 3-2: Base on Balls
|
Batting: LHB Josh Stuck
|
0-0: Foul Ball, location: 2F 0-1: Ball 1-1: Foul Ball, location: 2F 1-2: Foul Ball, location: 2F 1-2: Foul Ball, location: 2F 1-2: Foul Ball, location: 2F 1-2: Ball 2-2: Foul Ball, location: 2F 2-2: DOUBLE (Groundball, 5L, EV 101.9 MPH) Chris Torlak to third
|
Batting: LHB Zion Davidson
|
0-0: Foul Ball, location: 2F 0-1: Ground out 4-3 (Groundball, 34, EV 76.9 MPH) Chris Torlak scores Josh Stuck to third
|
Batting: RHB Mike Quackenbush
|
0-0: Ground out 1-3 (Groundball, 25, EV 66.2 MPH)
|
Bottom of the 4th over - 1 run, 1 hit, 0 errors, 1 left on base; Tacoma 0 - Round Rock 1 |
TOP OF THE 5TH |
Tacoma Rainiers batting - Pitching for Round Rock Express : RHP Prince Gibson
|
Batting: LHB Ryan Lowe
|
0-0: Foul Ball, location: 2F 0-1: Ground out 4-3 (Groundball, 34, EV 88.1 MPH)
|
Batting: SHB Ray Skogen
|
0-0: Called Strike 0-1: Called Strike 0-2: Foul Ball, location: 2F 0-2: Fly out, F9 (Flyball, 89XD, EV 79.4 MPH)
|
Batting: RHB Zach Downs
|
0-0: Ball 1-0: Ball 2-0: Swinging Strike 2-1: Ball 3-1: Swinging Strike 3-2: Strikes out swinging
|
Top of the 5th over - 0 runs, 0 hits, 0 errors, 0 left on base; Tacoma 0 - Round Rock 1 |
BOTTOM OF THE 5TH |
Round Rock Express batting - Pitching for Tacoma Rainiers : RHP Luis Castro
|
Batting: RHB Ivan Colon
|
0-0: Foul Ball, location: 2F 0-1: Swinging Strike 0-2: Ground out 6-3 (Groundball, 6, EV 80.0 MPH)
|
Batting: RHB Adryão Anto
|
0-0: Ball 1-0: Fly out, F9 (Flyball, 89M, EV 80.0 MPH)
|
Batting: RHB Jeremy Boerman
|
0-0: Called Strike 0-1: Foul Ball, location: 2F 0-2: Strikes out swinging
|
Bottom of the 5th over - 0 runs, 0 hits, 0 errors, 0 left on base; Tacoma 0 - Round Rock 1 |
TOP OF THE 6TH |
Tacoma Rainiers batting - Pitching for Round Rock Express : RHP Prince Gibson
|
Batting: RHB Max Schellekens
|
0-0: Ball 1-0: Foul Ball, location: 2F 1-1: Ball 2-1: Foul Ball, location: 2F 2-2: Ball 3-2: Base on Balls
|
Batting: RHB Jeff Cox
|
0-0: Ball 1-0: Ball 2-0: Called Strike 2-1: Ball 3-1: Fly out, F8 (Flyball, 8RXD, EV 108.1 MPH)
|
Batting: RHB Kagetoki Kawai
|
0-0: Swinging Strike 0-1: Foul Ball, location: 2F 0-2: Strikes out swinging
|
Batting: RHB Brad Robidas
|
0-0: SINGLE (Groundball, 4S, EV 63.1 MPH) (infield hit) Max Schellekens to second
|
Batting: RHB Enrique Valdez
|
0-0: 3-RUN HOME RUN (Flyball, 78XD, EV 96.9 MPH), Distance : 396 ft
|
Batting: LHB Josh Pittman
|
0-0: Ball 1-0: Swinging Strike 1-1: Ball 2-1: Hit by Pitch
|
Batting: LHB Ryan Lowe
|
0-0: Ball 1-0: Foul Ball, location: 2F 1-1: Swinging Strike 1-2: Ball Wild Pitch! Josh Pittman to second 2-2: 2-RUN HOME RUN (Flyball, 9LD, EV 89.4 MPH), Distance : 334 ft
|
Pitching: RHP Aaron Munt
|
|
Batting: SHB Ray Skogen
|
0-0: Ball 1-0: Ball 2-0: Called Strike 2-1: Foul Ball, location: 2F 2-2: Ball 3-2: Base on Balls
|
Batting: RHB Zach Downs
|
0-0: Called Strike 0-1: Swinging Strike 0-2: Foul Ball, location: 2F 0-2: Strikes out looking
|
Top of the 6th over - 5 runs, 3 hits, 0 errors, 1 left on base; Tacoma 5 - Round Rock 1 |
BOTTOM OF THE 6TH |
Round Rock Express batting - Pitching for Tacoma Rainiers : RHP Luis Castro
|
Batting: RHB Martin Guerrero
|
0-0: Ball 1-0: Called Strike 1-1: Called Strike 1-2: Foul Ball, location: 2F 1-2: Strikes out looking
|
Batting: LHB Jody Hudson
|
0-0: Ball 1-0: Ball 2-0: Called Strike 2-1: Fly out, F8 (Flyball, 8RD, EV 95.6 MPH)
|
Batting: RHB Chris Torlak
|
0-0: Ball 1-0: Ball 2-0: Foul Ball, location: 2F 2-1: Called Strike 2-2: Strikes out looking
|
Bottom of the 6th over - 0 runs, 0 hits, 0 errors, 0 left on base; Tacoma 5 - Round Rock 1 |
TOP OF THE 7TH |
Tacoma Rainiers batting - Pitching for Round Rock Express : RHP Aaron Munt
|
Batting: RHB Max Schellekens
|
0-0: Ball 1-0: Foul Ball, location: 2F 1-1: Foul Ball, location: 2F 1-2: Foul Ball, location: 2F 1-2: Foul Ball, location: 2F 1-2: Foul Ball, location: 2F 1-2: Ball 2-2: Ball 3-2: Base on Balls
|
Batting: RHB Jeff Cox
|
0-0: Swinging Strike 0-1: Called Strike 0-2: Ball 1-2: Ball 2-2: Ball 3-2: Foul Ball, location: 2F 3-2: Foul Ball, location: 2F 3-2: Base on Balls Max Schellekens to second
|
Batting: RHB Kagetoki Kawai
|
0-0: Called Strike 0-1: Foul Ball, location: 2F 0-2: Ball 1-2: Ball 2-2: Grounds into double play, 1-6-3 (Groundball, 13S, EV 70.0 MPH) Max Schellekens to third
|
Batting: RHB Brad Robidas
|
0-0: Called Strike 0-1: Ground out 5-3 (Groundball, 56, EV 90.6 MPH)
|
Top of the 7th over - 0 runs, 0 hits, 0 errors, 1 left on base; Tacoma 5 - Round Rock 1 |
BOTTOM OF THE 7TH |
Round Rock Express batting - Pitching for Tacoma Rainiers : RHP Luis Castro
|
Batting: LHB Josh Stuck
|
0-0: Foul Ball, location: 2F 0-1: Ball 1-1: Foul Ball, location: 2F 1-2: Ball 2-2: Strikes out looking
|
Batting: LHB Zion Davidson
|
0-0: Ball 1-0: Foul Ball, location: 2F 1-1: Ground out 6-3 (Groundball, 6, EV 102.5 MPH)
|
Batting: RHB Mike Quackenbush
|
0-0: Ball 1-0: Foul Ball, location: 2F 1-1: Ground out 6-3 (Groundball, 6M, EV 92.5 MPH)
|
Bottom of the 7th over - 0 runs, 0 hits, 0 errors, 0 left on base; Tacoma 5 - Round Rock 1 |
TOP OF THE 8TH |
Tacoma Rainiers batting - Pitching for Round Rock Express : RHP Aaron Munt
|
Pitching: LHP Jaden Asante
|
|
Batting: RHB Enrique Valdez
|
0-0: Ball 1-0: Called Strike 1-1: Foul Ball, location: 2F 1-2: Ball 2-2: Ball 3-2: Strikes out looking
|
Batting: LHB Josh Pittman
|
0-0: Called Strike 0-1: Ball 1-1: Ball 2-1: Ground out 6-3 (Groundball, 56, EV 86.2 MPH)
|
Batting: LHB Ryan Lowe
|
0-0: Ball 1-0: Ball 2-0: DOUBLE (Flyball, 8LXD, EV 104.4 MPH)
|
Batting: SHB Ray Skogen
|
0-0: Foul Ball, location: 2F 0-1: Foul Ball, location: 2F 0-2: Strikes out looking
|
Top of the 8th over - 0 runs, 1 hit, 0 errors, 1 left on base; Tacoma 5 - Round Rock 1 |
BOTTOM OF THE 8TH |
Round Rock Express batting - Pitching for Tacoma Rainiers : RHP Luis Castro
|
Batting: RHB Ivan Colon
|
0-0: Ball 1-0: Called Strike 1-1: Ball 2-1: Swinging Strike 2-2: SINGLE (Groundball, 6D, EV 107.5 MPH)
|
Pitching: LHP Rentaro Minami
|
|
Batting: RHB Adryão Anto
|
0-0: Ball 1-0: SINGLE (Flyball, 34D, EV 90.6 MPH) Ivan Colon to second
|
Batting: RHB Jeremy Boerman
|
0-0: Called Strike 0-1: Ball 1-1: Grounds into double play, 5-4-3 (Groundball, 56, EV 111.9 MPH) Ivan Colon to third
|
Batting: RHB Martin Guerrero
|
0-0: Called Strike 0-1: Ball 1-1: Foul Ball, location: 2F 1-2: Ball 2-2: Ball 3-2: Fly out, F8 (Line Drive, 89D, EV 93.8 MPH)
|
Bottom of the 8th over - 0 runs, 2 hits, 0 errors, 1 left on base; Tacoma 5 - Round Rock 1 |
TOP OF THE 9TH |
Tacoma Rainiers batting - Pitching for Round Rock Express : LHP Jaden Asante
|
Batting: RHB Zach Downs
|
0-0: Foul Ball, location: 2F 0-1: Foul Ball, location: 2F 0-2: Ball 1-2: Ball 2-2: Ball 3-2: SINGLE (Line Drive, 34D, EV 105.0 MPH)
|
Batting: RHB Max Schellekens
|
0-0: Grounds into double play, 5-4-3 (Groundball, 56, EV 80.6 MPH)
|
Batting: RHB Jeff Cox
|
0-0: Swinging Strike 0-1: Called Strike 0-2: Ball 1-2: Fly out, F7 (Line Drive, 7, EV 100.0 MPH)
|
Top of the 9th over - 0 runs, 1 hit, 0 errors, 0 left on base; Tacoma 5 - Round Rock 1 |
BOTTOM OF THE 9TH |
Round Rock Express batting - Pitching for Tacoma Rainiers : LHP Rentaro Minami
|
Batting: LHB Jody Hudson
|
0-0: Called Strike 0-1: Ball 1-1: Foul Ball, location: 2F 1-2: Ball 2-2: Ball 3-2: Fly out, F8 (Flyball, 8LXD, EV 101.9 MPH)
|
Batting: RHB Chris Torlak
|
0-0: Ball 1-0: Ball 2-0: Foul Ball, location: 2F 2-1: Ground out 5-3 (Groundball, 56S, EV 84.4 MPH)
|
Batting: LHB Josh Stuck
|
0-0: Ball 1-0: Ball 2-0: SINGLE (Line Drive, 78S, EV 98.8 MPH)
|
Batting: LHB Zion Davidson
|
|
Pinch Hitting: RHB Bill Turnbull
|
0-0: Ball 1-0: Ball 2-0: Swinging Strike 2-1: Fielders Choice at 2nd, 6-4 (Groundball, 56D, EV 111.9 MPH)
|
Bottom of the 9th over - 0 runs, 1 hit, 0 errors, 1 left on base; Tacoma 5 - Round Rock 1 |
|